 Dungeon Crawl Stone Soup version 0.30.1-11-g7821555f0a (webtiles) character file.

Game seed: 8950081436055385933

27 Heoruswealwe the Conjurer (level 2, -4/15 HPs)
             Began as a Deep Elf Conjurer on Dec 27, 2023.
             Slain by Natasha (7 damage)
             ... on level 2 of the Dungeon.
             The game lasted 00:08:50 (1017 turns).

Heoruswealwe the Conjurer (Deep Elf Conjurer)       Turns: 1017, Time: 00:08:50

Health: -4/15      AC:  2    Str:  4    XL:     2   Next: 93%
Magic:  1/9        EV: 12    Int: 22    God:
Gold:   52         SH:  0    Dex: 13    Spells: 6/9 levels left

rFire   . . .        a - +0 rapier
rCold   . . .        (no shield)
rNeg    . . .        c - +0 robe
rPois   .            (no helmet)
rElec   .            (no cloak)
rCorr   .            (no gloves)
SInv    .            (no boots)
Will    .....        (no amulet)
Stlth   ++           (no ring)
HPRegen 0.22/turn    (no ring)
MPRegen 0.11/turn

%: no passive effects
@: no status effects
A: no striking features
a: no special abilities


You were on level 2 of the Dungeon.
You visited 1 branch of the dungeon, and saw 2 of its levels.

You collected 52 gold pieces.

Inventory:

Hand Weapons
 a - a +0 rapier (weapon)
 b - a +0 hand axe
Armour
 c - a +0 robe (worn)
 f - a +0 robe
Scrolls
 d - a scroll of fear {unknown}
 e - a scroll of teleportation {unknown}
 l - a scroll of silence {unknown}
Potions
 g - a potion of mutation {unknown}
 h - a potion of magic
 i - 4 potions of curing {unknown}
 j - a potion of haste {unknown}
 k - a potion of resistance {unknown}


   Skills:
 - Level 2.4 Dodging
 - Level 2.4 Stealth
 + Level 4.0 Spellcasting
 + Level 5.0 Conjurations


You had 6 spell levels left.
You knew the following spells:

 Your Spells              Type           Power      Damage    Failure   Level
a - Magic Dart            Conj           100%       1d8       1%          1
b - Searing Ray           Conj           52%        2d6       2%          2

Your spell library contained the following spells:

 Spells                   Type           Power      Damage    Failure   Level
 Dazzling Flash           Conj/Hex       30%        N/A       12%         3
 Fulminant Prism          Conj/Hex       7%         3d7       36%         4
 Iskenderun's Mystic Bla  Conj/Tloc      15%        2d5       36%         4


Dungeon Overview and Level Annotations

Branches:
Dungeon (2/15)

Altars:

Annotations:
D:2 Natasha


Message History

A rat comes into view.
The magic dart hits the rat.
You kill the rat!
Your Conjurations skill increases to level 5!
You open the door.
Found a scroll labelled ZOIN ECOGU.
There is an open door here.
l - a scroll labelled ZOIN ECOGU You open the door.
Natasha, Servant of Life and Death comes into view.
Casting: Magic Dart (safe; 1% risk of failure)
Confirm with . or Enter, or press ? or * to list all spells.
Okay, then.
There is an open door here.
Casting: Magic Dart (safe; 1% risk of failure)
Confirm with . or Enter, or press ? or * to list all spells.
Aiming: Searing Ray (safe; 2% risk of failure)
Press: ? - help, Shift-Dir - straight line, f - Natasha
Aim: Natasha (74% to hit)
The searing ray misses Natasha. (Press . to maintain the ray.)
The searing ray hits Natasha.
Natasha is moderately wounded.
Natasha claws you!
The searing ray misses Natasha.
Natasha claws you but does no damage.
The searing ray hits Natasha.
Natasha is heavily wounded.
You finish channelling your searing ray.
Natasha claws you.
* * * LOW HITPOINT WARNING * * *
Casting: Searing Ray (safe; 2% risk of failure)
Confirm with . or Enter, or press ? or * to list all spells.
Aiming: Searing Ray (safe; 2% risk of failure)
Press: ? - help, Shift-Dir - straight line, f/p - Natasha
Aim: Natasha (heavily wounded, 74% to hit)
The searing ray misses Natasha. (Press . to maintain the ray.) Natasha casts a spell.
The searing ray misses Natasha.
Natasha claws you!
You die...

.##############.......
...†.>...............#
........#######....###
.######.# #.....#
...#.# ###...#
#####.#'#### #>..#
...........# #..<#
########.....# #...#
......h@.....# #####
########5....# #.....#
#.....# #######


You could see Natasha and a cerulean imp (summoned).

Vanquished Creatures
  A bat (D:1)
  4 endoplasms (D:1)
  A goblin (D:2)
  3 jackals
  A kobold (D:1)
  4 quokkas (D:1)
  4 ball pythons
  3 frilled lizards (D:2)
  2 rats
  A butterfly (D:2)
24 creatures vanquished.

Notes
Turn   | Place    | Note
-------+----------+-------------------------------------------
     0 | D:1      | Heoruswealwe the Deep Elf Conjurer began the quest for the
                  | Orb.
     0 | D:1      | Reached XP level 1. HP: 10/10 MP: 6/6
   226 | D:1      | Reached XP level 2. HP: 15/15 MP: 0/8
   229 | D:1      | Learned a level 2 spell: Searing Ray
   998 | D:2      | Reached skill level 5 in Conjurations
  1010 | D:2      | Noticed Natasha
  1017 | D:2      | Slain by Natasha

Illustrated notes

Levels and vault maps discovered:
D:1:      ebering_trefoil_twist, layout_basic, st_stairs_1
D:2:      layout_basic, hangedman_feature_mirror, dreamdust_mushroom_princess,
          hangedman_glass_garden, uniq_natasha

Skill      XL: |  1  2 |
---------------+-------+-----
Spellcasting   | 4 |  4.0
Conjurations   | 5 |  5.0
Dodging        | |  2.4
Stealth        | |  2.4

Action                     || total
---------------------------++-------
  Melee: Hand axe          ||     9
   Cast: Magic Dart        ||    39
         Searing Ray       ||     2
 Armour: Robe              ||     1
  Dodge: Dodged            ||     1
